cohdb
Replays
Latest Replays
All Replays
Popular Replays
Top Player Replays
Match Explorer
How It Works
Community
CoH3 Stats
Reddit
Sign in to upload your games and track your stats! →
Sign in with Steam
Match 44425470
Unlisted
Match 44425470
Overview
Messages
Build Orders
End
Construct Section Command Post
Dingo Light Scout Car
Infantry Section
Infantry Section
Construct Platoon Command Post
Selects Air and Sea Battlegroup
Selects Commando Section Paradrop
Selects Commando Support Section Paradrop
Commando Support Section Paradrop
Commando Section Paradrop
6-pounder Anti-tank Gun Team
Construct Company Command Post
Selects Supply Surplus
Selects UNKNOWN (223837)
Centaur IV Medium Tank
Crusader II Medium Tank
Macho Man Randy Savage
Arnie
Maniax
Qatheeb al-Akbar
SNIPER
DaRtH VaDeRX2020
MZMZ
BLACK.DRAGON
0
0
Comments
sign in to comment!
No comments posted yet!